 Dungeon Crawl Stone Soup version 0.27.0-1-g7a089689b8 (webtiles) character file.

Game seed: 12654314406033069435

263 sanka the Agent of Entropy (level 5, 24/24 HPs)
             Began as a Felid Abyssal Knight on Aug 9, 2021.
             Was a Priest of Lugonu.
             Quit the game on level 2 of the Dungeon.
             The game lasted 00:18:49 (11233 turns).

sanka the Agent of Entropy (Felid Abyssal Knight)  Turns: 11233, Time: 00:18:49

Health: 24/24      AC:  2    Str:  8    XL:     5   Next: 97%
Magic:  11/11      EV: 18    Int: 15    God:    Lugonu [***...]
Gold:   338        SH:  0    Dex: 16    Spells: 4/4 levels left
                                        Lives:  0   Deaths: 2

rFire    . . .     SeeInvis +     - Unarmed
rCold    . . .     Faith    .   (shield unavailable)
rNeg     . . .     Spirit   .   (armour unavailable)
rPois    .         Reflect  .   (helmet unavailable)
rElec    .         Harm     .   (cloak unavailable)
rCorr    .         Rampage  .   (gloves unavailable)
Will     +....                  (boots unavailable)
Stlth    +.........             (no amulet)
HPRegen  0.08/turn              (no ring)
MPRegen  0.12/turn              g - ring of willpower

@: quick
A: very small, claws 1, fangs 3, see invisible, speed 1, shaggy fur 2, stealthy
paws, no weapons or thrown items, no armour, multi-lived
a: Renounce Religion, Depart the Abyss, Bend Space, Banish


You were on level 2 of the Dungeon.
You worshipped Lugonu.
Lugonu was most pleased with you.
You visited 1 branch of the dungeon, and saw 7 of its levels.
You visited the Abyss 1 time.

You collected 377 gold pieces.
You spent 39 gold pieces at shops.


Innate Abilities, Weirdness & Mutations

You have sharp claws.
You have razor-sharp teeth.
You have supernaturally acute eyesight. (SInv)
You cover ground quickly. (Speed+)
You are covered in thick fur. (AC +2)
Your paws help you pounce on unaware monsters.
You are incapable of wielding weapons or throwing items.
You cannot wear armour.
You gain extra lives every three experience levels.


   Skills:
 - Level 3.0 Fighting
 - Level 3.2 Dodging
 - Level 6.1 Unarmed Combat
 + Level 7.3 Invocations


You had 4 spell levels left.
You didn't know any spells.
Your spell library contained the following spells:

 Spells                   Type           Power      Damage    Failure   Level
 Corona                   Hex            0%         N/A       26%         1
 Sandblast                Erth           0%         2d4       26%         1
 Blink                    Tloc           N/A        N/A       38%         2
 Ensorcelled Hibernation  Hex/Ice        0%         N/A       38%         2
 Passwall                 Tmut/Erth      0%         N/A       38%         2
 Lesser Beckoning         Tloc           0%         N/A       63%         3
 Tukima's Dance           Hex            0%         N/A       63%         3
 Lee's Rapid Deconstruct  Erth           0%         3d5*      100%        5
 Manifold Assault         Tloc           0%         N/A       100%        5

Inventory:

Jewellery
 g - a ring of willpower (right paw)
Wands
 n - a wand of paralysis (10)
Scrolls
 a - a scroll of fear {unknown}
 b - a scroll of silence {unknown}
 c - a scroll of fog {unknown}
 d - a scroll of vulnerability {unknown}
 e - a scroll of blinking {unknown}
 f - 2 scrolls of teleportation {@r4}
 k - 2 scrolls of magic mapping {unknown}
 m - 3 scrolls of holy word {unknown}
 o - 4 scrolls of identify {unknown}
Potions
 h - a potion of mutation {unknown}
 i - a potion of cancellation
 j - a potion of flight {unknown}
 l - a potion of attraction {unknown}
 p - 2 potions of resistance {unknown}
 q - 2 potions of ambrosia {unknown}
 r - 2 potions of berserk rage {!q}

Dungeon Overview and Level Annotations

Branches:
Dungeon (7/15)
 Temple: D:4-7

Altars:
Elyvilon
Trog

Shops:
D:2 *

Annotations:
D:3 Grinder
Abyss:1 Edmund, Sigmund

.▒.▒.▒▒▒......▒ ▒.▒
.....▒ ▒..▒▒▒▒▒ ▒.▒
▒..▒.▒▒▒..▒ ▒▒▒.▒
....†.....▒▒▒▒▒▒...▒
▒..▒.g........▒▒.▒▒▒
▒..▒.▒▒▒.▒▒▒▒.▒▒.▒
.........▒ ▒.▒▒.▒
.....▒▒▒▒▒ ▒.▒▒.▒
▒....▒▒▒▒▒▒▒▒.▒▒h▒
▒.▒▒.▒▒..........▒
..).....▒▒▒▒▒.▒▒▒▒
▒▒▒▒..........▒
▒.▒▒▒▒▒▒▒▒▒▒ ▒g▒ ▒.▒
▒.▒ ▒.▒


There were no monsters in sight!


Message History

There is a stone staircase leading down here.
Unknown command.
The gnoll shaman hits you with a +0 whip!
The gnoll shaman completely misses you.
You see here a +0 dagger.
The gnoll shaman calls upon its god to speed up the gnoll.
The gnoll seems to speed up.
You claw the gnoll!
The gnoll is heavily wounded.
The gnoll completely misses you.
You closely miss the gnoll. Your bite misses the gnoll.
The gnoll is heavily wounded.
The gnoll hits you with a +0 flail!
* * * LOW HITPOINT WARNING * * *
The gnoll shaman calls upon its god to heal the gnoll.
The gnoll is healed somewhat.
The gnoll closely misses you.
The gnoll shaman calls upon its god to heal the gnoll.
The gnoll's wounds heal themselves!
The gnoll closely misses you. The gnoll hits you with a +0 flail!
* * * LOW HITPOINT WARNING * * *
The gnoll misses you. The gnoll hits you with a +0 flail!
You die...
You are now level 5!
You rejoin the land of the living...
Unknown command.
Are you sure you want to abandon this character and quit the game? (Confirm with "yes".)

Action                   |  1- 3 |  4- 6 |  7- 9 || total
-------------------------+-------+-------+-------++-------
Melee: Unarmed           |   144 |   300 |    53 ||   497
       Bite              |    12 |    18 |     7 ||    37
       Punch             |     1 |     3 |     1 ||     5
Invok: Banish            |       |       |     2 ||     2
  Use: Potion            |       |     6 |       ||     6
       Scroll            |       |     2 |       ||     2
 Stab: Sleeping          |     2 |     1 |       ||     3
       Distracted        |     1 |     1 |       ||     2
Armor: Skin              |     2 |    31 |     2 ||    35
Dodge: Dodged            |   108 |   253 |    42 ||   403

Levels and vault maps discovered:
D:1:      dpeg_arrival_pits, layout_loops_corners,
          shapermc_ecumenical_altar_acropolis, kennysheep_crisscross,
          st_stairs_5, minmay_lizard_pond
D:2:      layout_loops_ring, serial_shops, nicolae_diamond_shop, basic_altar,
          uniq_robin
D:3:      layout_rooms, st_stairs_8, minmay_divided_ellipse, uniq_grinder
D:4:      layout_rooms, lemuel_round_altar, serial_shops, nicolae_stop_n_shop_1,
          minivault_26, uniq_sigmund
D:5:      layout_basic, minmay_fractal_squares_diagonal_5, uniq_edmund
D:6:      layout_rooms, old_standard_altar, minmay_misc_feat_roman,
          nicolae_underground_beach
D:7:      cheibrodos_wizards_tower, layout_basic, minitemple,
          minmay_temple_entry_overgrown

Notes
Turn   | Place    | Note
-------+----------+-------------------------------------------
     0 | Abyss:1  | sanka the Felid Abyssal Knight began the quest for the Orb.
     0 | Abyss:1  | Reached XP level 1. HP: 10/10 MP: 3/3
     5 | D:1      | Escaped the Abyss
   291 | D:1      | Reached XP level 2. HP: 14/14 MP: 4/4
   356 | D:1      | Reached skill level 3 in Unarmed Combat
   854 | D:1      | Found a faded altar of an unknown god.
   980 | D:1      | Reached ** piety under Lugonu
  1055 | D:1      | Reached XP level 3. HP: 17/17 MP: 5/5
  1959 | D:2      | Found a white marble altar of Elyvilon.
  1971 | D:2      | Reached skill level 4 in Unarmed Combat
  2473 | D:2      | Found Haideu's General Store.
  2482 | D:2      | Bought a scroll of teleportation for 39 gold pieces
  2667 | D:2      | Noticed Robin
  2695 | D:1      | Reached XP level 4. HP: 6/21 MP: 6/6
  3484 | D:2      | Killed Robin
  3784 | D:2      | HP: 3/31 [poisoned by an adder]
  3982 | D:3      | Reached skill level 5 in Unarmed Combat
  3982 | D:3      | Reached XP level 5. HP: 16/24 MP: 7/7
  4460 | D:3      | Noticed Grinder
  4477 | D:2      | Reached *** piety under Lugonu
  4772 | D:2      | HP: 2/24 [poisoned by an adder]
  6368 | D:3      | Noticed a phantom
  6728 | D:4      | Found Xoergh's Antique Armour Emporium.
  7090 | D:4      | Reached skill level 6 in Unarmed Combat
  7116 | D:4      | Noticed Sigmund
  7145 | D:4      | Reached skill level 2 in Invocations
  7151 | D:4      | Gained mutation: You are covered in thick fur. (AC +2)
                  | [Felid growth]
  7151 | D:4      | Reached XP level 6. HP: 25/28 MP: 8/8
  7328 | D:4      | Found a bloodstained altar of Trog.
  7644 | D:5      | Entered Level 5 of the Dungeon
  8136 | D:3      | Reached skill level 3 in Invocations
  8975 | D:5      | Reached skill level 4 in Invocations
 10028 | D:5      | Reached XP level 7. HP: 22/31 MP: 11/11
 10058 | D:5      | Reached skill level 5 in Invocations
 10307 | D:5      | Noticed Edmund
 10308 | D:5      | Banished Edmund
 10309 | D:5      | Reached skill level 6 in Invocations
 10786 | D:4      | Banished Sigmund
 10787 | D:4      | Reached skill level 7 in Invocations
 10965 | D:3      | Slain by a gnoll
 10966 | D:3      | Reached XP level 6. HP: -4/28 MP: 12/12
 11222 | D:2      | HP: 2/28 [gnoll (7)]
 11232 | D:2      | Mangled by a gnoll
 11233 | D:2      | Reached XP level 5. HP: -7/24 MP: 11/11
 11233 | D:2      | Quit the game

Vanquished Creatures
  2 scorpions (D:5)
  A bullfrog zombie (D:5)
  A jelly (D:5)
  2 hounds
  2 scorpion zombies
  4 iguanas
  A hound zombie (D:3)
  A hound skeleton (D:4)
  Robin (D:2)
  6 gnolls
  9 adders
  A white imp (D:5)
  An ufetubus (D:6)
  An adder zombie (D:5)
  2 adder skeletons (D:4)
  3 worms
  3 dart slugs
  4 orcs
  9 endoplasms
  4 giant cockroaches
  12 goblins
  9 hobgoblins
  2 jackals (D:1)
  3 quokkas
  8 ball pythons
  8 bats
  13 frilled lizards
  6 kobolds
  7 rats
126 creatures vanquished.

Vanquished Creatures (others)
  A ball python (D:2)
1 creature vanquished.

Grand Total: 127 creatures vanquished
